 Dungeon Sprint DCSS version 0.30.1-11-g7821555f0a (webtiles) character file.

Game seed: 14348110891545785793

4080 Groucho the Unseen (level 10, 0/51 HPs)
             Began as a Spriggan Enchanter on Dec 16, 2023.
             Was an Elder of Dithmenos.
             Succumbed to something's dark miasma
             ... in the Dungeon (Sprint II: "The Violet Keep of Menkaure").
             The game lasted 00:12:43 (2036 turns).

Groucho the Unseen (Spriggan Enchanter)             Turns: 2036, Time: 00:12:44

Health: 0/51       AC:  2    Str:  4    XL:     10   Next: 5%
Magic:  18/18      EV: 20    Int: 22    God:    Dithmenos [****..]
Gold:   489        SH:  0    Dex: 15    Spells: 4/19 levels left

rFire   + . .        a - +1 dagger
rCold   . . .        (no shield)
rNeg    . . .        b - +0 robe
rPois   .            (helmet restricted)
rElec   .            (no cloak)
rCorr   .            (gloves unavailable)
SInv    +            (boots unavailable)
Will    +....        (no amulet)
Stlth   +++++++++    e - ring of protection from fire
HPRegen 0.28/turn    (no ring)
MPRegen 0.16/turn

%: no teleportation
@: lethally poisoned (0 -> -16), slowed, wreathed by umbra, quick
A: very small, no large weapons, unfitting armour, see invisible, speed 3
a: Renounce Religion, Shadow Step


You were in the Dungeon.
You worshipped Dithmenos.
Dithmenos was greatly pleased with you.
You visited 1 branch You collected 1215 gold pieces.
You spent 726 gold pieces at shops.

Inventory:

Hand Weapons
 a - a +1 dagger (weapon)
Armour
 b - a +0 robe (worn)
Jewellery
 e - a ring of protection from fire (left hand)
Scrolls
 c - a scroll of enchant weapon {unknown}
 i - a scroll of blinking
Potions
 d - a potion of curing
 f - a potion of lignification
 g - 2 potions of magic
 h - a potion of berserk rage
 j - a potion of ambrosia


   Skills:
 - Level 5.0 Fighting
 - Level 10.0 Short Blades
 - Level 7.0 Dodging
 - Level 15.0 Stealth
 - Level 5.0 Spellcasting
 + Level 7.5 Conjurations
 - Level 14.0 Hexes
 + Level 9.1 Air Magic


You had 4 spell levels left.
You knew the following spells:

 Your Spells              Type           Power      Damage    Failure   Level
a - Ensorcelled Hibernat  Hex/Ice        72%        N/A       1%          2
b - Confusing Touch       Hex            61%        N/A       1%          3
c - Poisonous Vapours     Pois/Air       50%        N/A       2%          2
d - Mephitic Cloud        Conj/Pois/Air  30%        N/A       3%          3
e - Freezing Cloud        Conj/Ice/Air   15%        6-21      28%         5

Your spell library contained the following spells:

 Spells                   Type           Power      Damage    Failure   Level
 Dazzling Flash           Conj/Hex       100%       N/A       1%          3
 Tukima's Dance           Hex            61%        N/A       1%          3


Dungeon Overview and Level Annotations

Branches:
Dungeon (1/1)

Altars:
Cheibriados
Dithmenos
Elyvilon
Fedhas
Gozag
Hepliaklqana
Kikubaaqudgha
Makhleb
Nemelex Xobeh
Okawaru
Qazlal
Ru
Sif Muna
Trog
Uskayaw
Vehumet
Wu Jian
Xom
Yredelemnul
Zin
The Shining One
Jiyva
Lugonu

Shops:
D !:*?=*=[[((!:!=

Annotations:
D exclusion: oklob plant


Innate Abilities, Weirdness & Mutations

You are very small and have problems with some larger weapons.
You are too small for most types of armour.
You have supernaturally acute eyesight. (SInv)
You cover ground extremely quickly. (Speed+++)


Message History

You start waiting.
You start waiting.
Done waiting.
It was a potion of lignification.
You turn into a tree.
Your +0 robe melds into your body.
Your roots penetrate the ground.
Unknown command.
Unknown command.
You start resting.
Your transformation is almost over.
HP restored.
You feel less wooden.
Your +0 robe unmelds from your body.
You start waiting.
You start waiting.
You start waiting.
You start waiting.
Done waiting.
There is an open door here.
You enter the shallow water.
Moving in this stuff is going to be slow.
You enter the shallow water.
Moving in this stuff is going to be slow.
The death drake hisses angrily.
The death drake breathes miasma at you. The foul vapour engulfs you!
You are poisoned.
There is an open door, spattered with blood here.
You are engulfed in dark miasma.
You are lethally poisoned!
You feel yourself slow down.
You feel extremely sick.
You see here 81 gold pieces.
You close the door.
You are engulfed in dark miasma.
You are more poisoned.
* * * LOW HITPOINT WARNING * * *
You feel extremely sick.
You feel better.
You are engulfed in dark miasma.
You are lethally poisoned!
* * * LOW HITPOINT WARNING * * *
You die... # ##§^..### ## #e≈§....## ~#+++ ####....#!## ~... .. #..'.^..#..# ~~.##+##..#..####.#†.# ~~##...##.####..'.##k# ~~#.)#..# ...#..#..°#### ####...####..#####○°##)# [$( #.###'###.##..#.@+°°#..# [[)?

...##.##...#..#$°#°°#..#▓")[?
.##'.<.'##.'..####○°##.#▓!!)?)
##.##.##...#....###...##▓▓▓▓▓▓▓
#.###'###.##....§§~~~~~~~~~~~~~
#####.# ###§~.....~#+########+##
~~#..#..#~~§~~~§..~#..._._._#~~~
#~##.#.##~~§~~~~§.~#_._._._.#§§§
#~~##+##~~~§≈≈§§§~~#._._._._#§~~


There were no monsters in sight!

Vanquished Creatures
  A death yak (D)
  A death drake (D)
  A merfolk siren (D)
  2 cane toads (D)
  A yaktaur (D)
  3 polar bears (D)
  A hornet (D)
  Menkaure (D)
  2 water moccasins (D)
  2 swamp drakes (D)
  4 scorpions (D)
  4 necrophages (D)
  A hell rat (D)
  2 spectral adders (D)
  3 worms (D)
29 creatures vanquished.

Notes
Turn   | Place    | Note
-------+----------+-------------------------------------------
     0 | D        | Groucho the Spriggan Enchanter began the quest for the Orb.
     0 | D        | Reached XP level 1. HP: 9/9 MP: 5/5
     3 | D        | Noticed a merfolk siren
     6 | D        | Noticed a necrophage
     6 | D        | Noticed a necrophage
     6 | D        | Noticed a necrophage
     6 | D        | Noticed a necrophage
    15 | D        | Killed a necrophage
    16 | D        | Reached skill level 6 in Stealth
    16 | D        | Reached skill level 5 in Hexes
    16 | D        | Reached XP level 2. HP: 15/15 MP: 5/8
    16 | D        | Reached XP level 3. HP: 18/18 MP: 6/10
    22 | D        | Killed a necrophage
    23 | D        | Reached skill level 5 in Dodging
    23 | D        | Reached skill level 8 in Stealth
    23 | D        | Reached skill level 5 in Spellcasting
    23 | D        | Reached XP level 4. HP: 24/24 MP: 7/12
    34 | D        | Killed a necrophage
    35 | D        | Reached skill level 5 in Short Blades
    35 | D        | Reached skill level 10 in Stealth
    35 | D        | Reached XP level 5. HP: 30/30 MP: 8/13
    41 | D        | Reached skill level 5 in Fighting
    41 | D        | Reached skill level 12 in Stealth
    47 | D        | Reached skill level 14 in Stealth
    47 | D        | Reached XP level 6. HP: 35/35 MP: 8/14
    48 | D        | Reached skill level 15 in Stealth
    64 | D        | Killed a merfolk siren
    65 | D        | Reached XP level 7. HP: 39/39 MP: 10/15
    87 | D        | Noticed Menkaure
    88 | D        | Found a glowing golden altar of the Shining One.
    88 | D        | Found an ornate altar of the Wu Jian Council.
    95 | D        | Learned a level 2 spell: Ensorcelled Hibernation
    99 | D        | Learned a level 3 spell: Confusing Touch
   106 | D        | Killed Menkaure
   109 | D        | Found a shimmering altar of Xom.
   109 | D        | Found a sacrificial altar of Ru.
   110 | D        | Found a basalt altar of Yredelemnul.
   110 | D        | Found a shimmering blue altar of Sif Muna.
   111 | D        | Found a stormy altar of Qazlal.
   111 | D        | Found a viscous altar of Jiyva.
   112 | D        | Found a glowing silver altar of Zin.
   112 | D        | Found a bloodstained altar of Trog.
   112 | D        | Found an ancient bone altar of Kikubaaqudgha.
   113 | D        | Found a hide-covered altar of Uskayaw.
   113 | D        | Found a corrupted altar of Lugonu.
   113 | D        | Found a shadowy altar of Dithmenos.
   114 | D        | Found a radiant altar of Vehumet.
   114 | D        | Found a burning altar of Makhleb.
   114 | D        | Found a white marble altar of Elyvilon.
   115 | D        | Found a sparkling altar of Nemelex Xobeh.
   115 | D        | Found a blossoming altar of Fedhas.
   117 | D        | Found an iron altar of Okawaru.
   117 | D        | Found an opulent altar of Gozag.
   117 | D        | Found a hazy altar of Hepliaklqana.
   117 | D        | Found a snail-covered altar of Cheibriados.
   128 | D        | Became a worshipper of Dithmenos the Shadowed
   183 | D        | Found Zerit's Book Emporium.
   183 | D        | Found Peqall's Jewellery Emporium.
   183 | D        | Found Peucoow's Distillery.
   183 | D        | Found Xaops's Distillery.
   183 | D        | Found Ymemy's Antique Weapon Emporium.
   184 | D        | Found Menlaikh's Antique Weapon Shoppe.
   184 | D        | Found Jatilop's Antique Armour Emporium.
   184 | D        | Found Wootot's Antique Armour Shoppe.
   185 | D        | Found Emafu's General Store.
   185 | D        | Found Huotu's Jewellery Emporium.
   185 | D        | Found Azytodgh's Jewellery Shoppe.
   187 | D        | Found Noologan's Magic Scroll Shoppe.
   187 | D        | Found Varo's Assorted Antiques.
   187 | D        | Noticed a great orb of eyes
   187 | D        | Noticed an oklob plant
   188 | D        | Found Wout Edd's Distillery.
   188 | D        | Found Ithue's Book Shoppe.
   188 | D        | Noticed a polar bear
   201 | D        | Reached XP level 8. HP: 43/43 MP: 13/16
   235 | D        | Noticed a shining eye
   249 | D        | Noticed a shining eye
   249 | D        | Noticed a polar bear
   251 | D        | Noticed a shining eye
   295 | D        | Bought a book of Vapours for 312 gold pieces
   298 | D        | Learned a level 2 spell: Poisonous Vapours
   302 | D        | Learned a level 3 spell: Mephitic Cloud
   308 | D        | Learned a level 5 spell: Freezing Cloud
   315 | D        | Bought a ring of protection from fire for 275 gold pieces
   323 | D        | Noticed a flying skull
   326 | D        | Reached * piety under Dithmenos
   382 | D        | Bought a potion of flight for 39 gold pieces
   386 | D        | Bought a potion of haste for 100 gold pieces
   420 | D        | Noticed a yaktaur
   420 | D        | Noticed a hornet
   420 | D        | Noticed a polar bear
   421 | D        | Noticed a polar bear
   421 | D        | Noticed a polar bear
   422 | D        | Killed a polar bear
   423 | D        | Killed a polar bear
   424 | D        | Reached skill level 10 in Short Blades
   425 | D        | Killed a polar bear
   425 | D        | Reached ** piety under Dithmenos
   426 | D        | Killed a hornet
   428 | D        | Killed a yaktaur
   429 | D        | Reached skill level 5 in Air Magic
   429 | D        | Reached XP level 9. HP: 47/47 MP: 17/17
   436 | D        | Noticed a death drake
   442 | D        | Noticed a death drake
   442 | D        | Noticed a crystal guardian
   447 | D        | Noticed a cane toad
   447 | D        | Noticed a cane toad
   544 | D        | Killed a cane toad
   544 | D        | Reached *** piety under Dithmenos
   545 | D        | Reached skill level 5 in Conjurations
   575 | D        | Killed a cane toad
  1188 | D        | Killed a death drake
  1191 | D        | Noticed a death yak
  1203 | D        | Killed a death yak
  1204 | D        | Reached XP level 10. HP: 49/51 MP: 7/18
  1495 | D        | Noticed a deep elf master archer
  1502 | D        | Reached **** piety under Dithmenos
  2036 | D        | Succumbed to something's dark miasma

Illustrated notes

Levels and vault maps discovered:
D:        the_violet_keep_of_menkaure [sprint2_stairs_cluster_1,
          sprint2_shoproom, sprint2_temple, sprint2_basic_supplies,
          sprint2_obstacle_1, sprint2_obstacle_3, sprint2_obstacle_4,
          sprint2_obstacle_2, sprint2_obstacle_5, sprint2_timed_cluster_1,
          sprint2_smallroom_cluster_1, sprint2_smallroom_final_cluster_1,
          sprint2_transparent_cluster_1, sprint2_second_timed_cluster_1,
          sprint2_sniper_area_1, sprint2_heavy_combat_area_1,
          sprint2_mutation_trap_area_1, sprint2_forest_area_1,
          sprint2_light_combat_area_1, sprint2_behind_water_1,
          sprint2_near_end_vault_1]

Skill      XL: |  1  2  3  4  5  6  7  8  9 |
---------------+----------------------------+-----
Fighting       | 2 3 4 5 |  5.0
Short Blades   | 3 4 5 6 10 | 10.0
Dodging        | 4 5 7 |  7.0
Stealth        | 6 8 10 14 15 | 15.0
Spellcasting   | 4 5 |  5.0
Hexes          | 5 13 14 | 14.0
Conjurations   | 4 7 |  7.5
Air Magic      | 5 9 |  9.1

Action                     |  1- 3 |  4- 6 |  7- 9 | 10-12 || total
---------------------------+-------+-------+-------+-------++-------
  Melee: Dagger            |    13 |    25 |    29 |     2 ||    69
   Cast: Ensorcelled Hiber |       |       |    10 |       ||    10
         Confusing Touch   |       |       |     2 |       ||     2
 Invoke: Shadow Step       |       |       |     1 |       ||     1
    Use: Potion            |     2 |       |     4 |     3 ||     9
   Stab: Invisible         |     5 |     6 |     2 |       ||    13
         Sleeping          |       |     2 |    15 |     2 ||    19
         Confused          |       |       |     4 |       ||     4
 Armour: Robe              |     1 |       |       |       ||     1
  Dodge: Dodged            |    10 |     7 |     8 |       ||    25
